 Dungeon Crawl Stone Soup version 0.29-a0-885-gb26ba3297d (webtiles) character file.

Game seed: 340123527200362011

31 IdlyInterested the Twirler (level 3, -1/26 HPs)
             Began as a Demonspawn Wanderer on July 20, 2022.
             Slain by a gnoll
             ... wielding a +0 whip
              (5 damage)
             ... on level 1 of the Dungeon.
             The game lasted 00:04:19 (1674 turns).

IdlyInterested the Twirler (Demonspawn Wanderer)    Turns: 1674, Time: 00:04:20

Health: -1/26      AC:  4    Str: 12    XL:     3   Next: 7%
Magic:  4/4        EV: 11    Int: 12    God:
Gold:   44         SH:  0    Dex: 15    Spells: 3/4 levels left

rFire   . . .      SeeInvis .   a - +0 quarterstaff
rCold   . . .      Faith    .   (shield currently unavailable)
rNeg    . . .      Spirit   .   e - +0 leather armour
rPois   .          Reflect  .   g - +0 helmet
rElec   .          Harm     .   (no cloak)
rCorr   .          Rampage  .   (no gloves)
Will    .....                   (no boots)
Stlth   +.........              (no amulet)
HPRegen 0.08/turn               (no ring)
MPRegen 0.09/turn               (no ring)

@: no status effects
A: powered by pain 1, demonic touch 1
a: no special abilities


You were on level 1 of the Dungeon.
You visited 1 branch of the dungeon, and saw 1 of its levels.

You collected 44 gold pieces.

Inventory:

Hand Weapons
 a - a +0 quarterstaff (weapon)
 c - a +0 dagger
 h - a +0 spear
Missiles
 b - 8 boomerangs (quivered)
Armour
 e - a +0 leather armour (worn)
 g - a +0 helmet (worn)
Scrolls
 d - a scroll of blinking
 f - a scroll of identify {unknown}
 i - a scroll of enchant armour {unknown}
 k - a scroll of magic mapping {unknown}
Potions
 j - a potion of mutation {unknown}
 l - a potion of curing {unknown}
 m - a potion of degeneration {unknown}


   Skills:
 * Level 1.6 Fighting
 * Level 2.9 Staves
 - Level 1.0 Throwing
 - Level 2.0 Armour
 + Level 0.6 Dodging
 * Level 0.1 Unarmed Combat
 - Level 1.0 Spellcasting
 * Level 2.6 Hexes


You had 3 spell levels left.
You knew the following spells:

 Your Spells              Type           Power      Damage    Failure   Level
a - Slow                  Hex            24%        N/A       13%         1

Your spell library contained the following spells:

 Spells                   Type           Power      Damage    Failure   Level
 Cause Fear               Hex            3%         N/A       78%         4
 Fulminant Prism          Conj/Hex       1%         3d6       92%         4
 Leda's Liquefaction      Hex/Erth       1%         N/A       92%         4
 Iskenderun's Mystic Bla  Conj/Tloc      0%         2d3       98%         4
 Lee's Rapid Deconstruct  Erth           0%         3d5*      100%        5


Dungeon Overview and Level Annotations

Branches:
Dungeon (1/15)

Altars:


Innate Abilities, Weirdness & Mutations

You sometimes gain a little power by taking damage.
Your touch may inflict minor irresistible damage on your foes.


Message History

You kill the bat!
A kobold comes into view. It is wielding a +0 whip.
The kobold shouts!
You closely miss the kobold. The kobold hits you with a +0 whip.
You barely miss the kobold. The kobold hits you with a +0 whip.
You barely miss the kobold. The kobold barely misses you.
You hit the kobold.
You kill the kobold!
You have reached level 3!
Your experience leads to an increase in your attributes!
Increase (S)trength, (I)ntelligence, or (D)exterity?
You feel clever. x2; Your demonic ancestry asserts itself...
Your hands begin to faintly glow with unholy energy.
You see here a +0 whip.
You now have 44 gold pieces (gained 2).
A goblin comes into view. It is wielding a +0 dagger.
The goblin shouts!
The goblin hits you but does no damage.
You barely miss the goblin. The goblin hits you but does no damage.
You thump the goblin!
You kill the goblin!
You see here a +0 dagger.
m - a smoky orange potion You see here a +0 dagger.
You see here a +0 dagger.
As you open the door, it creaks loudly!
A giant cockroach comes into view.
You closely miss the giant cockroach. The giant cockroach misses you.
The giant cockroach barely misses you.
You hit the giant cockroach but do no damage.
The giant cockroach bites you but does no damage.
You hit the giant cockroach.
You kill the giant cockroach!
A gnoll comes into view. It is wielding a +0 whip.
The gnoll shouts!
You barely miss the gnoll. The gnoll hits you with a +0 whip! x2
You closely miss the gnoll. The gnoll hits you with a +0 whip.
* * * LOW HITPOINT WARNING * * *
You barely miss the gnoll. The gnoll hits you with a +0 whip.
You die...

###################
..................#
################@##
#g# #.# #.# #.#
####... #.# ..)....
#.# ####.## #.# .#
#


You could see a gnoll.

Vanquished Creatures
  A dart slug (D:1)
  2 ball pythons (D:1)
  3 bats (D:1)
  An endoplasm (D:1)
  2 giant cockroaches (D:1)
  3 goblins (D:1)
  4 hobgoblins (D:1)
  2 jackals (D:1)
  A kobold (D:1)
  A quokka (D:1)
  A frilled lizard (D:1)
  3 rats (D:1)
24 creatures vanquished.

Notes
Turn   | Place    | Note
-------+----------+-------------------------------------------
     0 | D:1      | IdlyInterested the Demonspawn Wanderer began the quest for
                  | the Orb.
     0 | D:1      | IdlyInterested set off with the following items: a +0
                  | quarterstaff, 8 boomerangs, a +0 dagger, a scroll of
                  | blinking, a +0 leather armour; and the following spell
                  | memorised: Slow; and the following spells available to
                  | memorise: Cause Fear, Leda's Liquefaction.
     0 | D:1      | Reached XP level 1. HP: 15/15 MP: 2/2
   426 | D:1      | Gained mutation: You sometimes gain a little power by
                  | taking damage. [demonic ancestry]
   426 | D:1      | Reached XP level 2. HP: 21/21 MP: 3/3
   864 | D:1      | Found a faded altar of an unknown god.
   864 | D:1      | Noticed a great orb of eyes
   881 | D:1      | Noticed a floating eye
   881 | D:1      | Noticed a great orb of eyes
   881 | D:1      | Noticed a golden eye
  1300 | D:1      | Gained mutation: Your touch may inflict minor irresistible
                  | damage on your foes. [demonic ancestry]
  1300 | D:1      | Reached XP level 3. HP: 17/26 MP: 4/4
  1674 | D:1      | Slain by a gnoll

Illustrated notes

Levels and vault maps discovered:
D:1:      grunt_arrival_crossed_arrows, layout_basic,
          hellmonk_ecumenical_altar_watching_god

Skill      XL: |  1  2 |
---------------+-------+-----
Armour         | 2 |  2.0
Fighting       | |  1.6
Staves         | |  2.9
Throwing       | |  1.0
Dodging        | |  0.6
Unarmed Combat | |  0.1
Spellcasting   | |  1.0
Hexes          | |  2.6

Action                   || total
-------------------------++-------
Melee: Quarterstaff      ||    70
Throw: Boomerang         ||    13
 Cast: Slow              ||    10
 Stab: Sleeping          ||     1
Armor: Leather armour    ||    24
Dodge: Dodged            ||    30

Table legend: (Time is in decaauts)
 A = Elapsed time spent in this place.
 B = Non-inter-level travel time spent in this place.
 C = Inter-level travel time spent in this place.
 D = Time resting spent in this place.
 E = Time spent auto-exploring this place.
 F = Levels seen in this place.
 G = Mean time per level.
                   A        B        C        D        E       F      G
               +--------+--------+--------+--------+--------+-----+--------+
         Total |   1688 |   1688 |      0 |    695 |    785 |   1 | 1688.0 |
       Dungeon |   1688 |   1688 |      0 |    695 |    785 |   1 | 1688.0 |
               +--------+--------+--------+--------+--------+-----+--------+

Top non-repeatable levels by time:
     D:1: 1688 daAuts
